 Dungeon Crawl Stone Soup version 0.23.2-1-ga50397a (webtiles) character file.

Game seed: 9384019028924878096

114 kae the Changer (level 4, -1/32 HPs)
             Began as a Demonspawn Transmuter on Apr 14, 2019.
             Slain by a gnoll
             ... wielding a +0 club
              (11 damage)
             ... on level 2 of the Dungeon.
             The game lasted 00:02:46 (3244 turns).

kae the Changer (Demonspawn Transmuter)             Turns: 3244, Time: 00:02:47

Health: -1/32      AC:  2    Str: 11    XL:     4   Next: 66%
Magic:  4/7        EV: 19    Int: 14    God:
Gold:   88         SH:  0    Dex: 19    Spells: 1/7 levels left

rFire    . . .     SeeInvis .     - Unarmed
rCold    . . .     Gourm    .   (shield currently unavailable)
rNeg     . . .     Faith    .   (armour currently unavailable)
rPois    x         Spirit   .   (helmet currently unavailable)
rElec    .         Reflect  .   (cloak currently unavailable)
rCorr    .         Harm     .   (gloves currently unavailable)
MR       .....                  (boots currently unavailable)
Stlth    ++........             f - amulet of rage
HPRegen  0.10/turn              (no ring)
MPRegen  0.10/turn              (no ring)

@: spider-form
A: tiny
a: End Transformation, Evoke Berserk Rage


You were on level 2 of the Dungeon.
You were not hungry.
You were a venomous arachnid creature.
You visited 1 branch of the dungeon, and saw 3 of its levels.

You collected 88 gold pieces.

Inventory:

Missiles
 a - 24 arrows
Armour
 b - a +0 robe (melded)
Jewellery
 f - an amulet of rage (around neck)
Scrolls
 c - 2 scrolls of remove curse
 g - 2 scrolls of amnesia
 l - a scroll of fog {unknown}
 m - a scroll of noise {unknown}
Potions
 e - a potion of curing
 h - a potion of flight {unknown}
 i - 3 potions of ambrosia
 j - a potion of brilliance {unknown}
 k - a potion of degeneration {unknown}
Comestibles
 d - 5 rations
 n - 2 chunks of flesh


   Skills:
 - Level 1.0 Fighting
 - Level 1.7 Dodging
 - Level 2.6 Unarmed Combat
 - Level 2.0 Spellcasting
 + Level 4.5 Transmutations


You had one spell level left.
You knew the following spells:

 Your Spells              Type           Power        Failure   Level  Hunger
a - Beastly Appendage     Tmut           ##....       12%         1    ##.....
b - Sticks to Snakes      Tmut           ##......     16%         2    ###....
c - Spider Form           Tmut/Pois      #.........   50%         3    ####...

Your spell library contained the following spells:

 Spells                   Type           Power        Failure   Level  Hunger
 Ice Form                 Ice/Tmut       #.......     85%         4    #####..
 Blade Hands              Tmut           ##........   87%         5    ######.


Dungeon Overview and Level Annotations

Branches:
Dungeon (3/15)

Altars:
Cheibriados
Elyvilon
Fedhas
Yredelemnul
The Shining One


Innate Abilities, Weirdness & Mutations

((You are partially covered in yellow scales. (AC +2)))


Message History

You are too injured to fight recklessly!
You are too injured to fight recklessly!
You are too injured to fight recklessly!
You are too injured to fight recklessly!
You are too injured to fight recklessly!
You are too injured to fight recklessly!
You hit the gnoll but do no damage.
The gnoll is poisoned.
The gnoll hits you but does no damage.
You closely miss the gnoll. The gnoll hits you with a +0 club.
You hit the gnoll but do no damage.
The gnoll looks as sick as possible!
The gnoll hits you but does no damage.
You hit the gnoll.
The gnoll is lightly wounded.
You hit the gnoll.
The gnoll looks as sick as possible!
The gnoll is heavily wounded.
The gnoll hits you with a +0 club.
You hit the gnoll but do no damage.
The gnoll looks as sick as possible!
The gnoll is severely wounded.
The gnoll hits you with a +0 club!
You die...

................##.#
.#.....#.###.##.##.#
.#.......# #.##....#
.##.###### #.......#
>##.# ###....####
.((.#####
#..###....#
...(....# #..#
#....# .#......#
#..###.<..#
........#
###..sg####
##......# ##...#
##......# #...#
...###### ##.## ####
####.# # #....#
###### #.#### .....#
#.# ####.# #####.#


You could see a gnoll.

Vanquished Creatures
  2 gnolls (D:3)
  2 adders (D:2)
  2 oozes
  A worm (D:2)
  2 dart slugs (D:1)
  A leopard gecko (D:2)
  An orc (D:3)
  2 ball pythons
  4 giant cockroaches (D:2)
  7 goblins
  6 hobgoblins
  7 jackals
  A quokka (D:2)
  4 bats (D:2)
  2 frilled lizards
  4 kobolds
  4 rats
52 creatures vanquished.

Vanquished Creatures (collateral kills)
  An adder (D:3)
  A giant cockroach (D:3)
  A hobgoblin (D:3)
  2 jackals (D:2)
  A bat (D:2)
6 creatures vanquished.

Grand Total: 58 creatures vanquished

Notes
Turn   | Place    | Note
-------+----------+-------------------------------------------
     0 | D:1      | kae the Demonspawn Transmuter began the quest for the Orb.
     0 | D:1      | Reached XP level 1. HP: 15/15 MP: 3/3
    32 | D:1      | Reached skill level 2 in Transmutations
   121 | D:1      | Gained mutation: You are partially covered in yellow
                  | scales. (AC +2) [demonic ancestry]
   121 | D:1      | Reached XP level 2. HP: 18/21 MP: 3/5
   283 | D:1      | Learned a level 2 spell: Sticks to Snakes
   293 | D:1      | Reached skill level 3 in Transmutations
   677 | D:2      | Reached XP level 3. HP: 19/26 MP: 6/6
   682 | D:2      | Learned a level 3 spell: Spider Form
   740 | D:2      | Found a white marble altar of Elyvilon.
  1252 | D:2      | Found a basalt altar of Yredelemnul.
  1342 | D:2      | Reached XP level 4. HP: 23/32 MP: 7/7
  1464 | D:2      | Reached skill level 4 in Transmutations
  1471 | D:2      | Found a blossoming altar of Fedhas.
  1481 | D:2      | Found a glowing golden altar of the Shining One.
  1487 | D:2      | Found a snail-covered altar of Cheibriados.
  1678 | D:2      | Found a faded altar of an unknown god.
  3244 | D:2      | Slain by a gnoll

Skill      XL: |  1  2  3  4 |
---------------+-------------+-----
Transmutations | 2 3 4 |  4.5
Fighting       | |  1.0
Dodging        | |  1.7
Unarmed Combat | |  2.6
Spellcasting   | |  2.0

Action                   |  1- 3 |  4- 6 || total
-------------------------+-------+-------++-------
Melee: Unarmed           |   126 |   106 ||   232
       Headbutt          |     4 |     2 ||     6
       Kick              |     8 |     4 ||    12
       Punch             |     2 |       ||     2
 Cast: Beastly Appendage |    11 |     7 ||    18
       Sticks to Snakes  |     2 |     7 ||     9
       Spider Form       |       |     2 ||     2
  Use: Scroll            |     5 |       ||     5
       Potion            |       |     2 ||     2
 Stab: Distracted        |     1 |       ||     1
       Sleeping          |     1 |       ||     1
  Eat: Chunk             |     2 |     3 ||     5
       Ration            |       |     1 ||     1
Armor: Robe              |    32 |    25 ||    57
       Skin              |       |     1 ||     1
Dodge: Dodged            |    81 |    84 ||   165
